 Dungeon Crawl Stone Soup version 0.30-a0-341-g682706514a (webtiles) character file.

Game seed: 5831194046054823846

138667 MackTheKnife the Fencer (level 16, 0/149 HPs)
             Began as a White Draconian Reaver on Nov 3, 2022.
             Was an Elder of Okawaru.
             Shot with an arrow by a centaur warrior (5 damage)
             ... on level 15 of the Dungeon.
             The game lasted 01:05:42 (32096 turns).

MackTheKnife the Fencer (White Draconian Reaver)   Turns: 32096, Time: 01:05:43

Health: 0/149      AC: 17    Str: 12      XL:     16   Next: 71%
Magic:  9/26       EV: 23    Int: 20 (22) God:    Okawaru [****..]
Gold:   1916       SH:  5    Dex: 26      Spells: 7/33 levels left

rFire   . . .      SeeInvis +    e - +6 great sword (venom)
rCold   + . .      Faith    .    (shield currently unavailable)
rNeg    + . .      Spirit   .    (body armour unavailable)
rPois   +          Reflect  +    C - +2 hat {SInv}
rElec   .          Harm     .    b - +1 cloak
rCorr   .          Rampage  .    k - +2 pair of gloves
Will    +....                    A - +0 pair of boots of the Unseen Realm {Dex+6}
Stlth   ++++......               p - amulet of reflection
HPRegen 0.00/turn                H - ring "Haolei" {rPois Dex+2}
MPRegen 0.20/turn                q - ring of positive energy {rN+}

@: about to teleport, afraid, heroic, very slightly contaminated, inhibited
regen
A: breathe frost, AC +9, unfitting armour, cold resistance 1, cold-blooded,
agile 1, clever 2, low MP 1, screaming 1, inhibited regeneration
a: Breathe Frost, Renounce Religion, Heroism, Finesse


You were on level 15 of the Dungeon.
You worshipped Okawaru.
Okawaru was greatly pleased with you.
You visited 4 branches of the dungeon, and saw 23 of its levels.
You also visited: Ossuary.

You collected 2344 gold pieces.
You spent 428 gold pieces at shops.

Inventory:

Hand Weapons
 e - a +6 great sword of venom (weapon)
   (You took it off a wight on level 7 of the Dungeon)
 E - the +9 mace of Recklessness {vorpal, rElec}
   (Okawaru gifted it to you on level 12 of the Dungeon)

   It inflicts extra damage upon your enemies.
   rElec:     It insulates you from electricity.
 P - the +6 falchion "Jaeck" {venom, rElec rC+ Stlth+}
   (Okawaru gifted it to you on level 3 of the Lair of Beasts)

   It poisons the flesh of those it strikes.
   rC:        It protects you from cold.
   rElec:     It insulates you from electricity.
   Stlth:     It makes you more stealthy.
 Y - a +1 double sword of freezing
   (You found it on level 14 of the Dungeon)
Missiles
 r - 2 throwing nets {=f, !d}
 M - a curare-tipped dart
Armour
 b - a +1 cloak (worn)
   (You found it on level 1 of the Dungeon)
 k - a +2 pair of gloves (worn)
   (You bought it in a shop on level 1 of the Dungeon)
 u - a +2 hat of intelligence
   (You took it off Gastronok on level 2 of the Lair of Beasts)
 A - the +0 pair of boots of the Unseen Realm (worn) {Dex+6}
   (You bought it in a shop on level 2 of the Orcish Mines)

   Dex:       It affects your dexterity (+6).
 C - a +2 hat of see invisible (worn)
   (You found it on level 11 of the Dungeon)
 O - a +1 kite shield of reflection
   (Okawaru gifted it to you on level 5 of the Lair of Beasts)
Magical Staves
 t - a staff of conjuration {!a}
   (You found it on level 10 of the Dungeon)
 D - a staff of cold {rC+}
   (You found it on level 11 of the Dungeon)
 L - a staff of earth
   (You found it on level 2 of the Lair of Beasts)
 W - a staff of poison {rPois}
   (You found it on level 14 of the Dungeon)
Jewellery
 a - a +6 ring of intelligence
   (You found it on level 1 of the Lair of Beasts)
 i - a ring of see invisible {sInv, !d}
   (You found it on level 1 of the Dungeon)
 p - an amulet of reflection (around neck)
   (You found it on level 2 of the Dungeon)
 q - a ring of positive energy (right hand) {rN+}
   (You took it off a wight on level 6 of the Dungeon)
 s - an amulet of regeneration {+regen, !d}
   (You found it on level 2 of the Lair of Beasts)
 F - a ring of ice {rC+, rF-}
   (You took it off a yaktaur on level 13 of the Dungeon)
 H - the ring "Haolei" (left hand) {rPois Dex+2}
   (You found it on level 1 of the Lair of Beasts)

   [ring of poison resistance]

   Dex:       It affects your dexterity (+2).
   rPois:     It protects you from poison.
 T - an amulet of the acrobat
   (You found it on level 5 of the Lair of Beasts)
 X - a +4 ring of slaying
   (You found it on level 14 of the Dungeon)
Wands
 n - a wand of flame (36)
   (You found it on level 10 of the Dungeon)
 x - a wand of mindburst (12)
   (You found it on level 11 of the Dungeon)
 B - a wand of digging (1)
   (You found it on level 9 of the Dungeon)
 S - a wand of quicksilver (3)
   (You found it on level 15 of the Dungeon)
Scrolls
 f - 4 scrolls of fog
 h - 4 scrolls of amnesia
 o - 3 scrolls of teleportation
 I - 2 scrolls of silence
 J - 2 scrolls of fear
 Q - 5 scrolls of blinking {!r}
 R - a scroll of summoning
 V - 5 scrolls of identify
Potions
 c - 4 potions of cancellation
 d - a potion of might
 g - 4 potions of ambrosia
 j - 3 potions of brilliance
 l - 3 potions of magic
 m - 5 potions of flight
 v - 3 potions of resistance
 w - a potion of attraction {!q}
 G - 2 potions of heal wounds
 K - a potion of curing
Miscellaneous
 y - a lightning rod (4/4)
   (You found it on level 12 of the Dungeon)
 z - a condenser vane (inert)
   (You found it on level 1 of the Lair of Beasts)
 N - a tin of tremorstones (1/2)
   (You found it on level 3 of the Lair of Beasts)
 U - a box of beasts
   (You found it on level 5 of the Lair of Beasts)
 Z - a piece from Xom's chessboard (15/15)
   (You found it on level 15 of the Dungeon)


   Skills:
 - Level 15.0(20.0) Fighting
 - Level 17.0(22.0) Long Blades
 - Level 7.0(12.0) Dodging
 - Level 9.4 Spellcasting
 - Level 4.1 Conjurations
 + Level 15.7 Ice Magic
 - Level 5.9 Air Magic
 - Level 8.0 Invocations


You had 7 spell levels left.
You knew the following spells:

 Your Spells              Type           Power      Damage    Failure   Level
a - Kiss of Death         Conj/Necr      68%        2d10      3%          1
b - Momentum Strike       Conj/Tloc      34%        3d8       4%          2
c - Hailstorm             Conj/Ice       49%        3d11      1%          3
d - Blink                 Tloc           18%        N/A       11%         2
e - Airstrike             Air            16%        2d(3-19)  6%          4
f - Ozocubu's Refrigerat  Ice            32%        4d14      10%         7
g - Apportation           Tloc           18%        N/A       8%          1
s - Swiftness             Air            33%        N/A       1%          3
A - Ozocubu's Armour      Ice            64%        N/A       1%          3

Your spell library contained the following spells:

 Spells                   Type           Power      Damage    Failure   Level
 Magic Dart               Conj           100%       1d8       1%          1
 Shock                    Conj/Air       100%       1d9       1%          1
 Static Discharge         Conj/Air       58%        2-5/arc   1%          2
 Poisonous Vapours        Pois/Air       42%        N/A       3%          2
 Cigotuvi's Dreadful Rot  Necr/Pois/Air  34%        N/A       4%          2
 Mephitic Cloud           Conj/Pois/Air  22%        N/A       5%          3
 Vhi's Electric Charge    Tloc/Air       42%        N/A       6%          3
 Necrotise                Necr           36%        1d5       8%          1
 Sting                    Tmut/Pois      36%        1d4       8%          1
 Dazzling Flash           Conj/Hex       34%        N/A       10%         3
 Lesser Beckoning         Tloc           18%        N/A       22%         3
 Arcjolt                  Conj/Air       14%        1d24      26%         5
 Lightning Bolt           Conj/Air       14%        1d28      26%         5
 Silence                  Hex/Air        10%        N/A       52%         5
 Dispel Undead            Necr           9%         3d8       58%         4
 Olgreb's Toxic Radiance  Pois           9%         N/A       58%         4
 Agony                    Necr           9%         N/A       90%         5
 Maxwell's Capacitive Co  Air            16%        ∞         100%        8
 Summon Small Mammal      Summ           Unusable   N/A       N/A         1
 Call Imp                 Summ           Unusable   N/A       N/A         2
 Death Channel            Necr           Unusable   N/A       N/A         6

Dungeon Overview and Level Annotations

Branches:
Dungeon (15/15)            Temple (1/1) D:6            Lair (5/5) D:10
 Shoals (0/4) Lair:2        Snake (0/4) Lair:2        Slime (0/5) Lair:5
    Orc (2/2) D:12            Elf (0/3) Orc:2        Vaults (0/5) D:13
Ossuary (visited)
 Depths: D:15

Altars:
Cheibriados
Elyvilon
Gozag
Kikubaaqudgha
Makhleb
Okawaru
Sif Muna
Trog
Uskayaw
Vehumet
Wu Jian
Xom
Zin
Jiyva

Shops:
D:1 [!(!   D:6 (   D:11 [   Orc:1 :   Orc:2 :*[*

Annotations:
D:15 exclusions: 2 doors and hydra
Lair:3 exclusion: 4 oklob plants
Lair:5 1 runed translucent door


Innate Abilities, Weirdness & Mutations

You can breathe waves of freezing cold which knock back foes.
Your icy white scales are hard. (AC +9)
You cannot fit into any form of body armour.
Your flesh is cold resistant. (rC+)
You are cold-blooded and may be slowed by cold attacks.
You are agile. (Dex +4, Str/Int -1)
Your mind is very acute. (Int +8, Str/Dex -2)
Your magical capacity is low. (-10% MP)
You occasionally shout uncontrollably at your foes.
You do not regenerate when monsters are visible.


Message History

a +0 troll leather armour {regen}; a deep troll corpse You take 1 damage, and have 82/149 hp.
The death knight shouts!
You slash the centaur warrior!
The centaur warrior looks as sick as possible!
The ogre mage completely misses you. You block the centaur warrior's attack.
The centaur warrior kicks you. The salamander hits you.
You are engulfed in flames!
A centaur warrior comes into view.
You take 15 damage, and have 67/149 hp.
You don't have enough magic to cast this spell.
Unknown command.
You slash the centaur warrior!
The centaur warrior looks as sick as possible!
You block the centaur warrior's attack.
The centaur warrior kicks you but does no damage.
The salamander hits you but does no damage.
You hit the centaur warrior but do no damage.
The centaur warrior looks as sick as possible!
You tail-slap the centaur warrior, but do no damage.
The ogre mage completely misses you. The centaur warrior misses you.
You block the centaur warrior's attack.
You slice the centaur warrior!!
You kill the centaur warrior!
Okawaru accepts your kill. You block the salamander's attack.
The death knight offers itself to Yredelemnul, and fills with unholy energy.
Unknown command.
Okay, then.
The glowing orange brain pulsates.
The glowing orange brain radiates an aura of fear!
You are terrified of the glowing orange brain!
You are no longer terrified.
You slash the salamander! You block the salamander's attack.
You hit the salamander.
The salamander is poisoned.
You slash the salamander!
The salamander hits you but does no damage.
You carve the salamander like a ham!!!
You kill the salamander!
Okawaru accepts your kill.
The salamander's shape twists and changes as it dies.
You miss the vampire mosquito.
The vampire mosquito completely misses you.
The ogre mage misses you.
You slash the vampire mosquito!
The death knight's dark mirror aura disappears.
The vampire mosquito completely misses you. x2
You closely miss the vampire mosquito.
The vampire mosquito closely misses you.
The glowing orange brain pulsates.
You are confused.
The ogre mage hits you from afar with a +0 spear!
You take 10 damage, and have 57/149 hp.
You slash the vampire mosquito!
You destroy the vampire mosquito!
The vampire mosquito's corpse dissolves into shadows!
The centaur warrior wields a +1 longbow of freezing.
It is covered in frost.
The centaur warrior shoots an arrow.
The arrow hits the ogre mage!!
The arrow freezes the ogre mage!
The ogre mage dies!
Unknown command.
The centaur warrior shoots an arrow.
The arrow closely misses you.
Unknown command.
The centaur warrior shoots an arrow.
The arrow hits you.
You take 6 damage, and have 51/149 hp.
You bump into the stone wall.
The glowing orange brain pulsates.
The glowing orange brain radiates an aura of fear!
You are terrified of the glowing orange brain!
Unknown command.
You bump into the stone wall.
The centaur warrior unwields a +1 longbow of freezing.
The centaur warrior hits you!
* * * LOW HITPOINT WARNING * * *
The centaur warrior kicks you but does no damage.
The glowing orange brain blinks!
You take 7 damage, and have 44/149 hp.
You bump into the rock wall.
You feel less confused. The centaur warrior hits you.
* * * LOW HITPOINT WARNING * * *
The centaur warrior closely misses you. The centaur warrior hits you!
* * * LOW HITPOINT WARNING * * *
The centaur warrior kicks you but does no damage.
You take 13 damage, and have 31/149 hp.
You barely miss the centaur warrior.
The centaur warrior hits you but does no damage.
The centaur warrior barely misses you.
As you read the scroll of teleportation, it crumbles to dust.
You feel strangely unstable. The centaur warrior barely misses you.
The centaur warrior kicks you.
* * * LOW HITPOINT WARNING * * *
You take 4 damage, and have 27/149 hp.
Unknown command.
The centaur warrior wields a +1 longbow of freezing.
It is covered in frost.
The centaur warrior shoots an arrow.
The arrow hits you!!
* * * LOW HITPOINT WARNING * * *
The arrow freezes you.
You die...

#...### #.....###
###G......#
#)).p.⌠...☼..
#G#.......#..
#p#.....### .
#c#...### #.######
#@#...(# #####
#)#....### #...#
#)#......# ##...#
#.#......####.....
#.###......##..⌠..
#.# #[.....#......
#.# ###....#......
#.## #...)'......
#..## #########÷##


You could see a death knight, a glowing orange brain (scary) and a centaur
warrior.

Vanquished Creatures
  Rupert (D:13)
  Frances (D:13)
  Kirke (Lair:4)
  Gastronok (Lair:2)
  Nessos (Arena)
  The ghost of flestrin the Unseen, a journeyman SpEn of Hepliaklqana (D:14)
  Snorg (Lair:4)
  A fire dragon (D:14)
  A great orb of eyes (D:15)
  2 yaktaur captains (D:15)
  An ice dragon (D:15)
  10 hydras
  6 centaur warriors
  4 catoblepae
  2 ogre magi
  Erica (D:8)
  A death knight (D:15)
  6 two-headed ogres
  A deep troll earth mage (D:15)
  11 death yaks
  4 orc high priests (Orc:2)
  3 tengu warriors
  A skeletal warrior (D:12)
  A flayed ghost (D:14)
  A deep elf archer (D:12)
  A wizard (D:15)
  Pikel (D:8)
  7 orc knights
  A phantasmal warrior (D:15)
  4 deep elf pyromancers
  6 manticores
  A wolf spider (shapeshifter) (D:15)
  2 wolf spiders
  19 ugly things
  2 merfolk sirens (Lair:2)
  A salamander (shapeshifter) (D:15)
  6 orc sorcerers
  3 cyclopes
  7 elephants
  Joseph (Lair:1)
  10 cane toads
  4 black mambas
  2 rime drakes (Lair:2)
  A kobold demonologist (D:11)
  A freezing wraith (D:15)
  9 yaktaurs
  An efreet (D:15)
  7 komodo dragons
  2 tengu conjurers
  A burning bush (Lair:1)
  4 red devils (D:13)
  2 merfolk (Lair:2)
  2 hornets (D:9)
  8 trolls
  6 polar bears (Lair:2)
  A wolf spider simulacrum (D:15)
  8 slime creatures
  16 blink frogs
  7 dream sheep (Lair:5)
  2 vampires
  4 shadows
  A spriggan (D:7)
  2 wraiths
  49 yaks
  2 wyverns
  3 humans (Lair:4)
  5 basilisks
  12 vampire mosquitoes
  A redback simulacrum (D:15)
  4 wargs
  Menkaure (D:4)
  Edmund (D:4)
  A naga (Lair:2)
  An acid dragon (D:13)
  A floating eye (Lair:3)
  11 water moccasins
  Pargi (D:4)
  7 black bears
  24 orc warriors
  10 ogres
  7 boggarts
  11 wolves
  2 centaurs (D:9)
  2 phantoms (D:12)
  2 lemures (D:8)
  4 elf zombies (Ossuary)
  4 kobold brigands
  A necrophage (D:4)
  11 bullfrogs
  A scorpion (D:5)
  8 wights
  A troll zombie (D:12)
  17 killer bees
  7 howler monkeys
  2 electric eels
  A human zombie (Ossuary)
  2 centaur zombies (Ossuary)
  2 jellies
  5 hounds
  15 orc priests
  5 iguanas
  23 orc wizards
  7 ogre zombies (D:12)
  2 hound zombies (Ossuary)
  3 mummies (Ossuary)
  2 gnolls
  8 adders
  A shadow imp (D:6)
  A white imp (D:7)
  4 adder zombies (Ossuary)
  3 worms
  6 dart slugs
  78 orcs
  11 ball pythons
  4 bats
  6 endoplasms
  3 giant cockroaches
  A gnoll zombie (Ossuary)
  3 goblins
  4 hobgoblins
  2 jackals (D:4)
  3 quokkas
  5 frilled lizards
  4 goblin zombies
  A hobgoblin skeleton (D:12)
  8 hobgoblin zombies
  3 jackal zombies (Ossuary)
  12 kobolds
  2 kobold zombies (Ossuary)
  2 orc skeletons (D:12)
  14 orc zombies (D:12)
  3 quokka zombies (Ossuary)
  5 rats
  8 rat zombies (Ossuary)
713 creatures vanquished.

Vanquished Creatures (others)
  An ogre mage (D:15)
  Grinder (D:3)
  A black bear (D:5)
  2 ogres
  An orc wizard (Orc:2)
  2 adders (D:3)
  A dart slug (D:9)
  A ball python (D:4)
  A kobold (D:11)
  17 fungi
  26 plants
54 creatures vanquished.

Grand Total: 767 creatures vanquished

Notes
Turn   | Place    | Note
-------+----------+-------------------------------------------
     0 | D:1      | MackTheKnife the Draconian Reaver began the quest for the
                  | Orb.
     0 | D:1      | Reached XP level 1. HP: 17/17 MP: 3/3
    50 | D:1      | Found Weghy's Distillery.
    62 | D:1      | You fall into a shaft and drop 1 floor!
   116 | D:1      | Found Natiecir's Distillery.
   125 | D:1      | Reached XP level 2. HP: 17/23 MP: 5/5
   537 | D:1      | Found Kiaqor's Armour Boutique.
   648 | D:1      | Found Gipal's Weapon Emporium.
   692 | D:1      | Reached skill level 4 in Long Blades
   794 | D:1      | Bought a +0 pair of gloves for 49 gold pieces
  1044 | D:2      | Reached XP level 3. HP: 25/29 MP: 6/6
  1749 | D:3      | Learned a level 2 spell: Momentum Strike
  1952 | D:3      | Reached XP level 4. HP: 32/33 MP: 4/7
  1998 | D:3      | Reached skill level 5 in Long Blades
  2410 | D:3      | Noticed Grinder
  2425 | D:3      | Killed Grinder
  2426 | D:3      | Reached skill level 6 in Long Blades
  2426 | D:3      | Reached XP level 5. HP: 38/41 MP: 6/8
  2654 | D:3      | Reached XP level 6. HP: 49/49 MP: 9/9
  2741 | D:3      | Reached skill level 2 in Dodging
  3183 | D:4      | Reached skill level 3 in Fighting
  3467 | D:4      | Reached skill level 3 in Dodging
  3631 | D:4      | Found an opulent altar of Gozag.
  3724 | D:4      | Noticed Edmund
  3737 | D:4      | Killed Edmund
  3738 | D:4      | Reached skill level 4 in Fighting
  3738 | D:4      | Your scales start taking on an icy white colour.
  3738 | D:4      | Reached XP level 7. HP: 39/52 MP: 7/10
  3738 | D:4      | Gained mutation: Your flesh is cold resistant. (rC+) [White
                  | Draconian growth]
  3876 | D:4      | Found a large runed translucent door.
  3877 | D:4      | Found a large runed translucent door.
  4135 | D:4      | Noticed Menkaure
  4157 | D:4      | Killed Menkaure
  4158 | D:4      | Reached skill level 4 in Dodging
  4229 | D:4      | Noticed Pargi
  4241 | D:4      | Killed Pargi
  4242 | D:4      | Reached skill level 5 in Fighting
  4254 | D:4      | Reached skill level 7 in Long Blades
  4258 | D:4      | Found a glowing silver altar of Zin.
  4261 | D:4      | Found a bloodstained altar of Trog.
  4295 | D:5      | Entered Level 5 of the Dungeon
  4343 | D:4      | Reached XP level 8. HP: 25/63 MP: 9/11
  4345 | D:4      | HP: 13/63 [killer bee (3)]
  4347 | D:4      | HP: 1/63 [killer bee (7)]
  4350 | D:4      | Reached skill level 6 in Fighting
  4352 | D:4      | HP: 7/56 [poisoned by a killer bee]
  4669 | D:5      | Found an ancient bone altar of Kikubaaqudgha.
  4695 | D:5      | Found a white marble altar of Elyvilon.
  5129 | D:5      | HP: 12/50 [poisoned by a killer bee]
  5404 | D:5      | Reached skill level 8 in Long Blades
  5577 | D:5      | Reached skill level 7 in Fighting
  5663 | D:5      | Learned a level 3 spell: Hailstorm
  6099 | D:6      | Reached skill level 1 in Ice Magic
  6204 | D:6      | Found Holiorch's Antique Weapon Emporium.
  6209 | D:6      | Found a staircase to the Ecumenical Temple.
  6274 | Temple   | Entered the Ecumenical Temple
  6305 | Temple   | Became a worshipper of Warmaster Okawaru
  6587 | D:6      | Found a burning altar of Makhleb.
  6757 | D:6      | Reached skill level 2 in Ice Magic
  6977 | D:7      | Reached skill level 3 in Spellcasting
  6995 | D:7      | Reached skill level 4 in Conjurations
  7006 | D:7      | HP: 24/100 [wight/+4 great sword (5)]
  7008 | D:7      | HP: 2/97 [wight/+4 great sword (11)]
  7231 | D:7      | Reached skill level 3 in Ice Magic
  7322 | D:6      | Identified the +3 scale mail of the Sun {rElec rF+ rC+
                  | Dex+3}
  7786 | D:7      | Reached XP level 9. HP: 33/67 MP: 9/13
  7964 | D:7      | Reached * piety under Okawaru
  8549 | D:8      | Reached skill level 9 in Long Blades
  8560 | D:8      | Noticed Pikel
  8611 | D:8      | Killed Pikel
  8611 | D:8      | Reached ** piety under Okawaru
  8612 | D:8      | Reached skill level 10 in Long Blades
  8669 | D:8      | Found a sand-covered staircase.
  8676 | Ossuary  | Entered an ossuary
  8997 | D:8      | Noticed a two-headed ogre
  9037 | D:8      | Killed a two-headed ogre
  9038 | D:8      | Reached skill level 11 in Long Blades
  9038 | D:8      | Reached XP level 10. HP: 54/86 MP: 2/14
  9105 | D:8      | Noticed Erica
  9134 | D:8      | Killed Erica
  9135 | D:8      | Reached skill level 12 in Long Blades
  9875 | D:9      | Reached *** piety under Okawaru
 10029 | D:9      | Reached skill level 13 in Long Blades
 10189 | D:9      | Found a snail-covered altar of Cheibriados.
 10451 | D:9      | Reached skill level 8 in Fighting
 10467 | D:9      | Found a radiant altar of Vehumet.
 10723 | D:9      | Learned a level 2 spell: Blink
 10727 | D:9      | Learned a level 3 spell: Swiftness
 11021 | D:10     | Entered Level 10 of the Dungeon
 11065 | D:10     | Reached skill level 9 in Fighting
 11070 | D:10     | Reached **** piety under Okawaru
 11276 | D:10     | Noticed a two-headed ogre
 11286 | D:10     | Killed a two-headed ogre
 11287 | D:10     | Reached skill level 5 in Dodging
 11287 | D:10     | Reached XP level 11. HP: 81/97 MP: 10/15
 11411 | D:10     | Reached ***** piety under Okawaru
 11598 | D:10     | Found a staircase to the Lair.
 11612 | D:10     | Noticed a deep elf pyromancer
 11633 | D:10     | Reached skill level 10 in Fighting
 11637 | D:10     | Noticed an ogre mage
 11645 | D:10     | Reached skill level 6 in Dodging
 11645 | D:10     | Killed a deep elf pyromancer
 11648 | D:10     | HP: 23/101 [ogre mage/bolt of magma (21)]
 11650 | D:10     | Killed an ogre mage
 11659 | D:10     | HP: 22/101 [orc warrior/+0 flail (4)]
 11791 | D:10     | Noticed a catoblepas
 11811 | D:10     | Killed a catoblepas
 11828 | Lair:1   | Entered Level 1 of the Lair of Beasts
 11829 | Lair:1   | HP: 16/101 [burning bush/puff of flame (11)]
 11834 | D:10     | HP: 12/101 [poisoned by an orc warrior]
 11834 | D:10     | HP: 3/101 [orc warrior/+0 mace (9)]
 11842 | D:10     | HP: 18/101 [yak (1)]
 11849 | D:10     | HP: 19/101 [yak (2)]
 11866 | D:10     | HP: 22/101 [poisoned by an orc warrior]
 11871 | D:9      | HP: 20/101 [yak (6)]
 11873 | D:9      | HP: 8/101 [yak (5)]
 12141 | D:10     | Reached skill level 11 in Fighting
 12143 | D:10     | Received a gift from Okawaru
 12144 | D:10     | Reached skill level 7 in Dodging
 12470 | D:10     | Reached skill level 1 in Invocations
 12537 | D:11     | Noticed a two-headed ogre
 12551 | D:11     | Reached skill level 2 in Invocations
 12553 | D:11     | Killed a two-headed ogre
 12554 | D:11     | Reached skill level 3 in Invocations
 12730 | D:11     | Reached skill level 4 in Invocations
 12840 | D:11     | Reached skill level 5 in Invocations
 12993 | D:11     | Reached skill level 6 in Invocations
 13464 | D:11     | Found Omoytirph's Armour Shoppe.
 13587 | D:11     | Reached ****** piety under Okawaru
 13603 | D:12     | Reached skill level 7 in Invocations
 13814 | D:12     | Found a staircase to the Orcish Mines.
 13835 | D:12     | Reached XP level 12. HP: 101/110 MP: 17/17
 13939 | D:12     | Reached skill level 8 in Invocations
 14192 | D:12     | Identified the +9 mace of Recklessness {vorpal, rElec}
                  | (Okawaru gifted it to you on level 12 of the Dungeon)
 14192 | D:12     | Received a gift from Okawaru
 14679 | D:12     | Noticed a centaur warrior
 14680 | D:12     | Noticed a tengu warrior
 14690 | D:12     | Killed a centaur warrior
 14696 | D:12     | Killed a tengu warrior
 14697 | D:12     | Reached skill level 14 in Long Blades
 14703 | D:12     | HP: 22/110 [poisoned by a wolf spider]
 14704 | D:12     | HP: 3/110 [poisoned by a wolf spider]
 14999 | D:12     | HP: 19/110 [wolf spider (14)]
 15000 | D:12     | HP: 4/110 [poisoned by a wolf spider]
 15153 | D:12     | Noticed a centaur warrior
 15162 | D:12     | Killed a centaur warrior
 15854 | Lair:1   | Noticed Joseph
 15873 | Lair:1   | Killed Joseph
 16217 | Lair:1   | Reached skill level 15 in Long Blades
 16220 | Lair:1   | Received a gift from Okawaru
 16238 | Lair:1   | Identified the ring "Haolei" {rPois Dex+2}
 16582 | Lair:2   | Found a bloodstained altar of Trog.
 16620 | Lair:2   | Found a staircase to the Shoals.
 16721 | Lair:2   | Noticed a five-headed hydra
 16732 | Lair:2   | Killed a five-headed hydra
 16867 | Lair:2   | Noticed Gastronok
 16915 | Lair:2   | Reached skill level 16 in Long Blades
 16934 | Lair:2   | Killed Gastronok
 17138 | Lair:2   | Gained mutation: You are clumsy. (Dex -2) [potion of
                  | mutation]
 17138 | Lair:2   | Gained mutation: You are very clumsy. (Dex -4) [potion of
                  | mutation]
 17138 | Lair:2   | Gained mutation: You occasionally lose the ability to read
                  | scrolls when taking damage. [potion of mutation]
 17138 | Lair:2   | Gained mutation: Your spells are a little harder to cast,
                  | but a little more powerful. [potion of mutation]
 17139 | Lair:2   | Lost mutation: You are very clumsy. (Dex -4) [potion of
                  | mutation]
 17139 | Lair:2   | Lost mutation: You occasionally lose the ability to read
                  | scrolls when taking damage. [potion of mutation]
 17139 | Lair:2   | Gained mutation: You have hidden genetic potential. [potion
                  | of mutation]
 17139 | Lair:2   | Gained mutation: You occasionally shout uncontrollably at
                  | your foes. [potion of mutation]
 17139 | Lair:2   | Lost mutation: Your spells are a little harder to cast, but
                  | a little more powerful. [potion of mutation]
 17227 | Lair:2   | Found a staircase to the Snake Pit.
 17369 | Lair:2   | Reached XP level 13. HP: 65/114 MP: 11/19
 17659 | Lair:2   | Learned a level 3 spell: Ozocubu's Armour
 17756 | Lair:2   | HP: 19/116 [seven-headed hydra (12)]
 18217 | Lair:2   | Reached skill level 17 in Long Blades
 18481 | Lair:3   | Identified the +6 falchion "Jaeck" {venom, rElec rC+
                  | Stlth+} (Okawaru gifted it to you on level 3 of the Lair of
                  | Beasts)
 18481 | Lair:3   | Received a gift from Okawaru
 19253 | Lair:3   | Reached skill level 12 in Fighting
 19736 | Lair:4   | Noticed Kirke
 19757 | Lair:4   | Killed Kirke
 19942 | Lair:4   | Reached skill level 13 in Fighting
 20152 | Lair:4   | Lost mutation: You are clumsy. (Dex -2) [potion of
                  | mutation]
 20152 | Lair:4   | Lost mutation: You have hidden genetic potential. [potion
                  | of mutation]
 20152 | Lair:4   | Gained mutation: Your mind is acute. (Int +4, Str/Dex -1)
                  | [potion of mutation]
 20152 | Lair:4   | Gained mutation: Your body sometimes deteriorates upon
                  | taking damage. [potion of mutation]
 20152 | Lair:4   | Gained mutation: Your flesh is heat resistant. (rF+)
                  | [potion of mutation]
 20345 | Lair:2   | Lost mutation: Your flesh is heat resistant. (rF+) [potion
                  | of mutation]
 20345 | Lair:2   | Lost mutation: Your body sometimes deteriorates upon taking
                  | damage. [potion of mutation]
 20345 | Lair:2   | Gained mutation: Your magical capacity is low. (-10% MP)
                  | [potion of mutation]
 20345 | Lair:2   | Gained mutation: You are agile. (Dex +4, Str/Int -1)
                  | [potion of mutation]
 20345 | Lair:2   | Gained mutation: Your mind is very acute. (Int +8, Str/Dex
                  | -2) [potion of mutation]
 20768 | Lair:4   | Noticed Snorg
 20778 | Lair:4   | Killed Snorg
 21277 | Lair:5   | Entered Level 5 of the Lair of Beasts
 21288 | Lair:4   | Received a gift from Okawaru
 21457 | Lair:4   | Reached skill level 14 in Fighting
 21506 | Lair:5   | Found a runed translucent door.
 21519 | Lair:5   | Found a viscous altar of Jiyva.
 21524 | Lair:5   | Found a staircase to the Slime Pits.
 21576 | Lair:5   | Received a gift from Okawaru
 21713 | Lair:5   | Reached skill level 15 in Fighting
 21786 | Lair:5   | Received a gift from Okawaru
 21796 | Lair:5   | Reached XP level 14. HP: 131/135 MP: 16/18
 21848 | Lair:5   | Reached skill level 1 in Air Magic
 22058 | Lair:5   | Reached skill level 4 in Spellcasting
 22058 | Lair:5   | Reached skill level 2 in Air Magic
 22172 | Lair:5   | Reached skill level 3 in Air Magic
 22184 | Lair:5   | Reached skill level 5 in Spellcasting
 22185 | Lair:5   | Reached skill level 4 in Air Magic
 22370 | Lair:5   | Reached skill level 5 in Air Magic
 22679 | Lair:5   | Reached skill level 6 in Spellcasting
 23252 | Lair:5   | Reached skill level 7 in Spellcasting
 23252 | Lair:5   | Reached skill level 6 in Ice Magic
 23252 | Lair:5   | Reached XP level 15. HP: 141/141 MP: 21/23
 23258 | Lair:5   | Learned a level 4 spell: Airstrike
 23413 | Orc:1    | Entered Level 1 of the Orcish Mines
 23938 | Orc:1    | Reached skill level 8 in Spellcasting
 24008 | Orc:1    | Paralysed by an orc sorcerer for 2 turns
 24253 | Orc:2    | Entered Level 2 of the Orcish Mines
 24260 | Orc:2    | Noticed Nessos
 24285 | Orc:2    | Reached skill level 7 in Ice Magic
 24326 | Orc:2    | Found a staircase to the Elven Halls.
 24361 | Arena    | Entered the Arena
 24366 | Arena    | Killed Nessos
 24740 | Orc:1    | Found Sanugis's Vocational Training.
 25220 | Orc:2    | Reached skill level 8 in Ice Magic
 25363 | Orc:2    | Reached skill level 9 in Spellcasting
 25619 | Orc:2    | Found Louzeib's Book Shop.
 25619 | Orc:2    | Found Ytahoupn's Assorted Antiques.
 25621 | Orc:2    | Found Wymec's Assorted Antiques.
 25621 | Orc:2    | Found Nyuvifuy's Antique Armour Shoppe.
 25630 | Orc:2    | Bought a pair of smoking boots for 199 gold pieces
 25630 | Orc:2    | Identified the +0 pair of boots of the Unseen Realm {Dex+6}
                  | (You bought it in a shop on level 2 of the Orcish Mines)
 25646 | Orc:2    | Bought a potion of heal wounds for 180 gold pieces
 26283 | D:13     | Noticed Rupert
 26362 | D:13     | Reached skill level 9 in Ice Magic
 26386 | D:13     | Noticed Frances
 26551 | D:13     | Killed Frances
 26606 | D:13     | Paralysed by Rupert for 5 turns
 26622 | D:13     | Killed Rupert
 26623 | D:13     | Reached XP level 16. HP: 101/149 MP: 20/26
 26757 | D:13     | Reached skill level 10 in Ice Magic
 26944 | D:13     | Found a gate to the Vaults.
 27643 | D:14     | Reached skill level 11 in Ice Magic
 27684 | D:14     | Found a runed translucent gate.
 27685 | D:14     | Found a runed translucent gate.
 27685 | D:14     | Noticed flestrin's ghost (journeyman SpEn)
 27701 | D:14     | Found a runed translucent gate.
 28609 | D:14     | Reached skill level 12 in Ice Magic
 28838 | D:14     | Learned a level 7 spell: Ozocubu's Refrigeration
 29163 | D:14     | Learned a level 1 spell: Apportation
 29482 | D:15     | Entered Level 15 of the Dungeon
 29652 | D:15     | HP: 26/149 [tengu warrior/bolt (18)]
 29654 | D:15     | HP: 5/149 [yaktaur/bolt (13)]
 29998 | D:14     | Reached skill level 13 in Ice Magic
 30151 | D:14     | Killed flestrin's ghost
 30227 | D:14     | Gained mutation: You do not regenerate when monsters are
                  | visible. [mutagenic glow]
 30748 | D:15     | Noticed a storm dragon
 30749 | D:15     | Identified the +8 long sword of the Puffin {drain, Str+7
                  | Int+2}
 30758 | D:15     | Reached skill level 14 in Ice Magic
 31522 | D:15     | Reached skill level 15 in Ice Magic
 32093 | D:15     | HP: 31/149 [centaur warrior (9)]
 32096 | D:15     | HP: 5/149 [centaur warrior/arrow (22)]
 32096 | D:15     | Shot with an arrow by a centaur warrior

Illustrated notes

Levels and vault maps discovered:
D:1:      ebering_trefoil_3fold, layout_loops_cross, serial_shops, shop,
          nicolae_shop_hallway_plus, shop, nicolae_shop_stone,
          minmay_misc_feat_tower, minmay_splitting_lines, minivault_23,
          grunt_decor_cap
D:2:      layout_loops_corners
D:3:      minmay_chambers_of_twos, layout_basic, minmay_misc_feat_x,
          amethyst_killhole, dk_noncrumbling_3, minmay_snake_closets,
          uniq_grinder
D:4:      layout_rooms, mainiacjoe_overflow_alcove_2, jmf_multi_god_temple2,
          kennysheep_generic_room_4, uniq_edmund, uniq_menkaure, uniq_pargi
D:5:      layout_gridville, elyvilon_altar_5,
          mainiacjoe_overflow_six_doors_small
D:6:      layout_loops_corners, lightli_temple_of_fire,
          minmay_temple_entry_stoned_glass, serial_shops, shop, sigmund_army
D:7:      layout_gridville, serial_bayou_pond_c, the_hattery
D:8:      layout_basic, enter_ossuary_2, interstate_on_off, uniq_pikel,
          uniq_erica
D:9:      layout_long_grid, kennysheep_slug_shrine, lemuel_crystal_altar
D:10:     cheibrodos_fzero, layout_loops_ring, david_lair_generic,
          nicolae_fountain_basement
D:11:     layout_loops_ring, serial_shops, nicolae_take_the_stairs,
          serial_bayou_pond_a, hangedman_decor_opposing
D:12:     minmay_stepped, layout_grid_maze, zombieorc2_lemuel
D:13:     layout_irregular_city, hangedman_vaults_entry_quadrant_bands,
          einodemon_armed_red_devil_minivault, uniq_frances, uniq_rupert
D:14:     layout_basic, gammafunk_ghost_hydra_chop, grunt_decor_arrowhead
D:15:     gammafunk_enter_depths_forms, layout_cave_pools,
          amcnicky_mini_pool_small, gauntlet_entry_generic,
          nicolae_rejected_hall
Temple:   nicolae_temple_bog_church
Lair:1:   layout_gridlike, evilmike_ambush [evilmike_ambush_outer_basic,
          evilmike_ambush_inner_basic], grunt_megastairs_2, uniq_joseph
Lair:2:   beast_lair_carwin_large_1, layout_misc_corridors,
          elwin_shoals_entry_stream, guppyfry_snake_entry_island, basic_altar,
          eino_small_chamber_without_monster, hibernation_bobbens,
          lemuel_fruit_tree, uniq_gastronok
Lair:3:   layout_regular_city, disabler_island, lemuel_fruit_fields,
          grunt_megastairs_3
Lair:4:   statuecave_lemuel, layout_long_grid, serial_rivers,
          chequers_serial_rivers_room_a, chequers_serial_rivers_micro_c,
          chequers_serial_rivers_room_a, chequers_serial_rivers_large_a,
          chequers_serial_rivers_small_a, uniq_snorg, uniq_kirke
Lair:5:   evilmike_catoblepas_cave, layout_cave_pods, slime_entry_2,
          chequers_serial_rivers_marsh, grunt_megastairs_4, lemuel_fruit_fields
Orc:1:    layout_diamond_mine, nicolae_shop_vocational
Orc:2:    grunt_orc_tribal_feast, layout_diamond_mine, uniq_nessos

Skill      XL: |  1  2  3  4  5  6  7  8  9 10 11 12 13 14 15 16 |
---------------+-------------------------------------------------+-----
Long Blades    | 4 6 7 8 11 13 16 17 | 17.0
Dodging        | 3 4 5 7 |  7.0
Fighting       | 4 5 7 9 11 15 | 15.0
Ice Magic      | 3 6 9 15 | 15.7
Spellcasting   | 3 7 9 |  9.4
Conjurations   | 4 |  4.1
Invocations    | 7 8 |  8.0
Air Magic      | 5 |  5.9

Action                   |  1- 3 |  4- 6 |  7- 9 | 10-12 | 13-15 | 16-18 || total
-------------------------+-------+-------+-------+-------+-------+-------++-------
Melee: Falchion          |   126 |   194 |   325 |       |       |       ||   645
       Tailslap          |    13 |    21 |    46 |    89 |   153 |    71 ||   393
       Punch             |     1 |     3 |     5 |     1 |     1 |       ||    11
       Great sword       |       |       |   141 |   600 |   837 |   347 ||  1925
       Mace              |       |       |       |     7 |    24 |    13 ||    44
 Cast: Kiss of Death     |     2 |     3 |     4 |       |       |       ||     9
       Momentum Strike   |     3 |    10 |     8 |     8 |       |       ||    29
       Hailstorm         |       |       |     4 |     2 |       |       ||     6
       Blink             |       |       |       |     1 |       |       ||     1
       Ozocubu's Refrige |       |       |       |       |       |     8 ||     8
       Apportation       |       |       |       |       |       |     1 ||     1
Invok: Heroism           |       |       |       |    17 |    37 |    20 ||    74
       Finesse           |       |       |       |     3 |    11 |     4 ||    18
       Duel              |       |       |       |       |     1 |       ||     1
 Abil: Breathe Frost     |       |       |    18 |    15 |     4 |       ||    37
Evoke: Wand              |       |       |     3 |     6 |       |     6 ||    15
       Lightning rod     |       |       |       |       |     3 |       ||     3
       Condenser vane    |       |       |       |       |     2 |     1 ||     3
       Piece from Xom's  |       |       |       |       |       |     1 ||     1
       Tin of tremorston |       |       |       |       |       |     1 ||     1
  Use: Potion            |       |     5 |     5 |     8 |     6 |     3 ||    27
       Scroll            |       |    13 |     6 |    16 |     8 |     4 ||    47
 Stab: Sleeping          |     1 |       |     2 |     1 |       |     1 ||     5
       Petrified         |       |       |       |     3 |     3 |       ||     6
       Confused          |       |       |       |       |     2 |       ||     2
Armor: Skin              |    48 |    62 |   200 |   269 |   183 |   117 ||   879
Dodge: Dodged            |    71 |    74 |   288 |   491 |   463 |   310 ||  1697
Block: Other             |    11 |    39 |   128 |   174 |   161 |    69 ||   582
       Reflection        |       |     2 |     1 |     8 |     3 |     7 ||    21

Table legend: (Time is in decaauts)
 A = Elapsed time spent in this place.
 B = Non-inter-level travel time spent in this place.
 C = Inter-level travel time spent in this place.
 D = Time resting spent in this place.
 E = Time spent auto-exploring this place.
 F = Levels seen in this place.
 G = Mean time per level.
                   A        B        C        D        E       F      G
               +--------+--------+--------+--------+--------+-----+--------+
         Total |  31806 |  30270 |   1536 |   7022 |  17683 |  25 | 1272.2 |
       Dungeon |  21721 |  20834 |    887 |   5440 |  11808 |  15 | 1448.1 |
        Temple |     41 |     35 |      6 |     18 |      0 |   1 |   41.0 |
          Lair |   7430 |   6977 |    453 |   1248 |   4473 |   5 | 1486.0 |
  Orcish Mines |   2284 |   2095 |    189 |    316 |   1285 |   2 | 1142.0 |
       Ossuary |    320 |    320 |      0 |      0 |    116 |   1 |  320.0 |
         Arena |      7 |      7 |      0 |      0 |      0 |   1 |    7.0 |
               +--------+--------+--------+--------+--------+-----+--------+

Top non-repeatable levels by time:
    D:12: 2484 daAuts
    D:14: 2327 daAuts
    D:15: 1795 daAuts
  Lair:5: 1703 daAuts
  Lair:2: 1668 daAuts
  Lair:4: 1655 daAuts
     D:4: 1649 daAuts
  Lair:3: 1536 daAuts
    D:13: 1483 daAuts
     D:3: 1474 daAuts
     D:6: 1430 daAuts
     D:9: 1367 daAuts
    D:11: 1365 daAuts
    D:10: 1276 daAuts
     D:8: 1267 daAuts

Table legend:
 A = Kills in this place as a percentage of kills in entire the game.
 B = Kills by you in this place as a percentage of kills by you in the entire game.
 C = Kills by friends in this place as a percentage of kills by friends in the entire game.
 D = Other kills in this place as a percentage of other kills in the entire game.
 E = Experience gained in this place as a percentage of experience gained in the entire game.
 F = Experience gained in this place divided by the number of levels of this place that you have seen.
                   A       B       C       D       E      F
               +-------+-------+-------+-------+-------+----------------------
         Total | 100.0 | 100.0 |   N/A | 100.0 | 100.0 | 6142.3
       Dungeon |  55.5 |  55.2 |   N/A | 100.0 |  52.0 | 5326.4
          Lair |  23.3 |  23.4 |   N/A |   0.0 |  35.9 | 11040.2
  Orcish Mines |  15.9 |  16.0 |   N/A |   0.0 |  10.9 | 8388.0
       Ossuary |   5.2 |   5.2 |   N/A |   0.0 |   0.4 | 662.0
         Arena |   0.1 |   0.1 |   N/A |   0.0 |   0.7 | 1023.0
               +-------+-------+-------+-------+-------+----------------------
